 Dungeon Crawl Stone Soup version 0.27.1-34-g3ba077fa99 (webtiles) character file.

Game seed: 2331735017194129542

8074 unlimited1921 the Ducker (level 11, -20/83 HPs)
             Began as a Gnoll Arcane Marksman on Jan 9, 2022.
             Was an Initiate of Gozag.
             Killed from afar by a deep elf zephyrmancer (27 damage)
             ... with a bolt of lightning
             ... on level 10 of the Dungeon.
             The game lasted 01:19:36 (13846 turns).

unlimited1921 the Ducker (Gnoll Arcane Marksman)   Turns: 13846, Time: 01:19:40

Health: -20/83     AC: 14    Str: 12    XL:     11   Next: 25%
Magic:  21/21      EV: 13    Int: 12    God:    Gozag
Gold:   326        SH:  0    Dex: 14    Spells: 5/23 levels left

rFire    . . .     SeeInvis .   w - +6 arbalest (flame)
rCold    . . .     Faith    .   (shield currently unavailable)
rNeg     . . .     Spirit   .   J - +3 swamp dragon scales
rPois    +         Reflect  .   O - +0 helmet
rElec    .         Harm     .   R - +0 cloak
rCorr    .         Rampage  .   (no gloves)
Will     .....                  (no boots)
Stlth    +++.......             q - amulet of regeneration
HPRegen  1.23/turn              (no ring)
MPRegen  0.17/turn              (no ring)

@: no status effects
A: fangs 1, strong nose, distributed training
a: Renounce Religion, Potion Petition, Call Merchant, Bribe Branch


You were on level 10 of the Dungeon.
You worshipped Gozag.
Gozag was aware of your devotion.
You visited 2 branches of the dungeon, and saw 11 of its levels.

You collected 505 gold pieces.
You paid 179 gold pieces to Gozag.

Inventory:

Hand Weapons
 a - a +1 hand crossbow
 e - a +1 rapier of protection
 l - a +1 spear of distortion
 m - a +4 mace
 w - a +6 arbalest of flaming (weapon)
 B - a +0 whip of electrocution
 D - a +0 short sword of draining
 E - a +1 war axe of flaming
 I - a +0 halberd of distortion
 T - a +2 hunting sling of freezing
 V - a +3 trident
Missiles
 b - 382 stones
 c - 74 bolts (quivered ammo)
 s - 8 boomerangs
 u - 38 poisoned darts (quivered)
 U - 20 sling bullets
Armour
 f - a +0 plate armour
 F - a +1 hat
 J - +3 swamp dragon scales (worn)
 M - a +2 robe of resistance
 O - a +0 helmet (worn)
 R - a +0 cloak (worn)
Jewellery
 p - an amulet of reflection
 q - an amulet of regeneration (around neck)
Wands
 g - a wand of paralysis (7)
 G - a wand of flame (27)
 H - a wand of charming (8)
 W - a wand of polymorph (11)
Scrolls
 h - 5 scrolls of teleportation
 j - 2 scrolls of fog
 y - 2 scrolls of immolation
 X - 2 scrolls of blinking
 Z - a scroll of amnesia
Potions
 d - a potion of ambrosia {unknown}
 t - a potion of magic
 v - 2 potions of curing
 x - 2 potions of berserk rage {unknown}
 z - a potion of lignification
 A - a potion of resistance
 C - 2 potions of brilliance
 L - 3 potions of flight
 N - a potion of invisibility {unknown}
 Q - a potion of mutation {unknown}
 Y - a potion of degeneration {unknown}


   Skills:
 + Level 6.7 Fighting
 + Level 6.1 Short Blades
 + Level 6.1 Long Blades
 + Level 6.1 Axes
 + Level 6.1 Maces & Flails
 + Level 6.1 Polearms
 + Level 6.1 Staves
 + Level 6.1 Slings
 + Level 6.1 Bows
 + Level 7.7 Crossbows
 + Level 6.1 Throwing
 + Level 6.1 Armour
 + Level 7.7 Dodging
 + Level 6.1 Stealth
 + Level 6.1 Shields
 + Level 6.1 Unarmed Combat
 + Level 6.8 Spellcasting
 + Level 5.0 Conjurations
 + Level 7.5 Hexes
 + Level 5.0 Summonings
 + Level 5.0 Necromancy
 + Level 5.0 Translocations
 + Level 5.0 Transmutations
 + Level 5.0 Fire Magic
 + Level 5.0 Ice Magic
 + Level 5.0 Air Magic
 + Level 5.0 Earth Magic
 + Level 5.0 Poison Magic
 + Level 6.7 Invocations
 + Level 6.1 Evocations


You had 5 spell levels left.
You knew the following spells:

 Your Spells              Type           Power      Damage    Failure   Level
a - Corona                Hex            24%        N/A       1%          1
b - Slow                  Hex            22%        N/A       2%          2
c - Inner Flame           Hex/Fire       19%        N/A       8%          3
d - Portal Projectile     Hex/Tloc       38%        N/A       8%          3
e - Cause Fear            Hex            11%        N/A       16%         4
f - Teleport Other        Tloc           16%        N/A       13%         3
g - Blink                 Tloc           N/A        N/A       6%          2

Your spell library contained the following spells:

 Spells                   Type           Power      Damage    Failure   Level
 Animate Skeleton         Necr           32%        N/A       4%          1
 Apportation              Tloc           32%        N/A       4%          1
 Magic Dart               Conj           64%        1d6       4%          1
 Pain                     Necr           64%        1d7       4%          1
 Sting                    Tmut/Pois      64%        1d6       4%          1
 Poisonous Vapours        Pois/Air       32%        N/A       6%          2
 Searing Ray              Conj           32%        3d4       6%          2
 Gell's Gravitas          Tloc           8%         N/A       13%         3
 Lesser Beckoning         Tloc           8%         N/A       13%         3
 Vampiric Draining        Necr           8%         2d7       13%         3
 Fulminant Prism          Conj/Hex       9%         3d7       26%         4
 Leda's Liquefaction      Hex/Erth       9%         N/A       26%         4
 Olgreb's Toxic Radiance  Pois           16%        N/A       38%         4
 Summon Ice Beast         Ice/Summ       16%        N/A       38%         4
 Summon Mana Viper        Hex/Summ       19%        N/A       56%         5
 Yara's Violent Unravell  Hex/Tmut       9%         3d6       56%         5
 Alistair's Intoxication  Tmut/Pois      10%        N/A       75%         5
 Manifold Assault         Tloc           16%        N/A       75%         5
 Invisibility             Hex            11%        N/A       93%         6
 Dispersal                Tloc           8%         N/A       100%        6
 Monstrous Menagerie      Summ           8%         N/A       100%        7


Dungeon Overview and Level Annotations

Branches:
Dungeon (10/15)            Temple (1/1) D:4
   Lair: D:8-11         Orc: D:9-12

Altars:
Ashenzari
Dithmenos
Elyvilon
Fedhas
Gozag
Hepliaklqana
Kikubaaqudgha
Makhleb
Nemelex Xobeh
Okawaru
Qazlal
Ru
Sif Muna
Trog
Uskayaw
Vehumet
Wu Jian
Xom
Yredelemnul
Zin
The Shining One

Shops:
D:1 =   D:2 (   D:4 (*

Annotations:
D:9 1 runed translucent door, pkoi's ghost, journeyman DrMo


Innate Abilities, Weirdness & Mutations

You have very sharp teeth.
Your uncanny sense of smell can sniff out nearby items.
Your experience applies equally to all skills.


Message History

The deep elf zephyrmancer casts a spell at you.
The bolt of lightning misses you.
The deep elf zephyrmancer casts a spell at you.
The bolt of lightning misses you.
You shoot a bolt.
The bolt barely misses the deep elf zephyrmancer.
You shoot a bolt.
The bolt closely misses the deep elf zephyrmancer.
The deep elf zephyrmancer gestures at you while chanting.
The bolt of lightning misses you.
You shoot a bolt.
The bolt hits the deep elf zephyrmancer!
The bolt burns the deep elf zephyrmancer.
The deep elf zephyrmancer is almost dead.
You shoot a bolt.
The bolt misses the deep elf zephyrmancer.
The deep elf zephyrmancer points at you and mumbles some strange words.
The bolt of lightning hits you! x2
The deep elf zephyrmancer casts a spell at you.
The bolt of lightning misses you. The bolt of lightning hits you!
* * * LOW HITPOINT WARNING * * *
Unknown command.
You feel much better.
The deep elf zephyrmancer hits you but does no damage.
Throw: 40 darts (poison)
Press: ? - help, Q - select action, (/) - cycle Shift-Dir - straight line, f/p - deep elf zephyrmancer
Aim: a deep elf zephyrmancer, wielding a +0 long sword (almost dead, 56% to hit)
You throw a poisoned dart.
The poisoned dart completely misses the deep elf zephyrmancer.
Throw: 39 darts (poison)
Press: ? - help, Q - select action, (/) - cycle Shift-Dir - straight line, f/p - deep elf zephyrmancer
Aim: a deep elf zephyrmancer, wielding a +0 long sword (almost dead, 56% to hit)
You throw a poisoned dart.
The poisoned dart barely misses the deep elf zephyrmancer.
The deep elf zephyrmancer points at you and mumbles some strange words.
The bolt of lightning hits you!!
* * * LOW HITPOINT WARNING * * *
The bolt of lightning hits you!!
You die...
Your body crumbles into a pile of gold.

#.## ##..#. # #. ##.###
#..... #.#. ##..### #.....
#.#. #....####..... ##...####
##............ ##...(...###
##..####.<....
.....(....(#####...# #).....
..........(e.....#.####......
........####@....#..##.......
##..###.# ##...###.###.....!
## #..e..# #..##.....##.....
#(......#####.......##..##
#...(^....###....^....##.#
..(..^<^..........>^......#
.##.........###....^....####
##:......#####.......##
##.....## ##.....##


You could see a deep elf zephyrmancer.

Vanquished Creatures
  A two-headed ogre (D:9)
  Pikel (D:6)
  A wizard (D:10)
  Joseph (D:8)
  Psyche (D:8)
  Maggie (D:6)
  A troll (D:9)
  Sigmund (D:2)
  2 wraiths
  13 yaks
  Grum (D:8)
  A water moccasin (D:5)
  An orc warrior (D:9)
  A black bear (D:6)
  An ice beast (D:5)
  4 wolves (D:8)
  An ogre (D:2)
  A lemure (D:6)
  3 phantoms
  A wyvern zombie (D:8)
  2 bullfrogs
  A scorpion (D:6)
  A water moccasin skeleton (D:6)
  9 killer bees
  3 howler monkeys (D:9)
  4 centaur zombies
  A bullfrog zombie (D:6)
  3 hounds
  7 orc priests
  A bullfrog skeleton (D:5)
  A jelly (D:8)
  A gnoll shaman (D:6)
  7 iguanas
  Jessica (D:2)
  3 orc wizards
  Terence (D:3)
  2 howler monkey zombies (D:9)
  12 gnolls
  11 adders
  A shadow imp (D:5)
  A white imp (D:7)
  An ufetubus (D:7)
  An adder skeleton (D:4)
  2 worms (D:2)
  2 dart slugs
  27 orcs
  7 ball pythons
  2 bats
  11 endoplasms
  3 giant cockroaches
  10 goblins
  7 hobgoblins
  4 quokkas
  3 frilled lizards
  5 kobolds
  6 rats
202 creatures vanquished.

Vanquished Creatures (others)
  4 plants (D:10)
4 creatures vanquished.

Grand Total: 206 creatures vanquished

Notes
Turn   | Place    | Note
-------+----------+-------------------------------------------
     0 | D:1      | unlimited1921 the Gnoll Arcane Marksman began the quest for
                  | the Orb.
     0 | D:1      | Reached XP level 1. HP: 17/17 MP: 4/4
   133 | D:1      | Found Tourch's Jewellery Emporium.
   209 | D:1      | Reached XP level 2. HP: 23/23 MP: 5/5
   551 | D:1      | Found a faded altar of an unknown god.
   936 | D:1      | Reached XP level 3. HP: 28/28 MP: 7/7
  1476 | D:2      | Noticed Jessica
  1478 | D:2      | Killed Jessica
  1479 | D:2      | Reached skill level 1 in Short Blades
  1479 | D:2      | Reached skill level 1 in Long Blades
  1479 | D:2      | Reached skill level 1 in Axes
  1479 | D:2      | Reached skill level 1 in Maces & Flails
  1479 | D:2      | Reached skill level 1 in Polearms
  1479 | D:2      | Reached skill level 1 in Staves
  1479 | D:2      | Reached skill level 1 in Slings
  1479 | D:2      | Reached skill level 1 in Bows
  1479 | D:2      | Reached skill level 1 in Throwing
  1479 | D:2      | Reached skill level 1 in Armour
  1479 | D:2      | Reached skill level 1 in Stealth
  1479 | D:2      | Reached skill level 1 in Shields
  1479 | D:2      | Reached skill level 1 in Unarmed Combat
  1479 | D:2      | Reached skill level 1 in Invocations
  1479 | D:2      | Reached skill level 1 in Evocations
  1510 | D:2      | Reached XP level 4. HP: 34/34 MP: 8/8
  1940 | D:2      | Reached skill level 1 in Conjurations
  1940 | D:2      | Reached skill level 1 in Summonings
  1940 | D:2      | Reached skill level 1 in Necromancy
  1940 | D:2      | Reached skill level 1 in Translocations
  1940 | D:2      | Reached skill level 1 in Transmutations
  1940 | D:2      | Reached skill level 1 in Fire Magic
  1940 | D:2      | Reached skill level 1 in Ice Magic
  1940 | D:2      | Reached skill level 1 in Air Magic
  1940 | D:2      | Reached skill level 1 in Earth Magic
  1940 | D:2      | Reached skill level 1 in Poison Magic
  1973 | D:2      | Found Jideam's Antique Weapon Emporium.
  1974 | D:2      | Noticed Sigmund
  2294 | D:3      | Noticed Terence
  2305 | D:3      | Killed Terence
  2306 | D:3      | Reached XP level 5. HP: 40/40 MP: 9/9
  2579 | D:3      | Learned a level 2 spell: Slow
  2583 | D:3      | Learned a level 3 spell: Inner Flame
  2637 | D:3      | Found a white marble altar of Elyvilon.
  2754 | D:3      | Found a basalt altar of Yredelemnul.
  3267 | D:4      | Found a staircase to the Ecumenical Temple.
  3283 | Temple   | Entered the Ecumenical Temple
  3847 | D:4      | Found a radiant altar of Vehumet.
  3850 | D:4      | Noticed a phantom
  3854 | D:4      | Reached XP level 6. HP: 44/47 MP: 10/10
  3898 | D:4      | Reached skill level 5 in Crossbows
  3898 | D:4      | Reached skill level 5 in Dodging
  3926 | D:4      | Identified a scroll of acquirement
  3927 | D:4      | Acquired a +4 arbalest of flaming
  4021 | D:4      | Found Penen's Lightly-Used Armoury.
  4351 | D:4      | Found Hintode's Antique Weapon Emporium.
  4634 | D:5      | Entered Level 5 of the Dungeon
  4729 | D:5      | Reached XP level 7. HP: 52/52 MP: 12/12
  5036 | D:5      | Found a burning altar of Makhleb.
  5823 | D:5      | Reached XP level 8. HP: 49/60 MP: 14/14
  5848 | D:5      | Learned a level 3 spell: Portal Projectile
  5853 | D:5      | Learned a level 4 spell: Cause Fear
  5877 | D:5      | Found a stormy altar of Qazlal.
  6268 | D:2      | Killed Sigmund
  6790 | D:6      | Noticed Maggie
  6797 | D:6      | Killed Maggie
  6954 | D:6      | Noticed a yak
  6954 | D:6      | Noticed a yak
  6955 | D:6      | Noticed a yak
  6955 | D:6      | Noticed a yak
  6955 | D:6      | Noticed a yak
  6963 | D:6      | Killed a yak
  6963 | D:6      | Killed a yak
  6964 | D:6      | Reached XP level 9. HP: 53/67 MP: 7/16
  6966 | D:6      | Reached skill level 5 in Spellcasting
  6967 | D:6      | Reached skill level 5 in Fighting
  7294 | D:6      | Found a shimmering altar of Xom.
  7353 | D:6      | Noticed Pikel
  7356 | D:6      | Killed Pikel
  7357 | D:6      | Reached skill level 5 in Invocations
  8205 | D:6      | Reached XP level 10. HP: 61/74 MP: 8/18
  9080 | D:7      | Learned a level 3 spell: Teleport Other
  9422 | D:7      | Learned a level 2 spell: Blink
  9699 | D:8      | Noticed Grum
  9706 | D:8      | Reached skill level 5 in Short Blades
  9706 | D:8      | Reached skill level 5 in Long Blades
  9706 | D:8      | Reached skill level 5 in Axes
  9706 | D:8      | Reached skill level 5 in Maces & Flails
  9706 | D:8      | Reached skill level 5 in Polearms
  9706 | D:8      | Reached skill level 5 in Staves
  9706 | D:8      | Reached skill level 5 in Slings
  9706 | D:8      | Reached skill level 5 in Bows
  9706 | D:8      | Reached skill level 5 in Throwing
  9706 | D:8      | Reached skill level 5 in Armour
  9706 | D:8      | Reached skill level 5 in Stealth
  9706 | D:8      | Reached skill level 5 in Shields
  9706 | D:8      | Reached skill level 5 in Unarmed Combat
  9706 | D:8      | Reached skill level 5 in Evocations
  9707 | D:8      | Noticed Psyche
  9712 | D:8      | Noticed Joseph
  9715 | D:8      | Killed Grum
  9715 | D:8      | Killed Joseph
  9732 | D:8      | Killed Psyche
 11186 | D:9      | Noticed a two-headed ogre
 11476 | D:9      | Killed a two-headed ogre
 11946 | D:9      | Found an ancient bone altar of Kikubaaqudgha.
 12012 | D:9      | Found a runed translucent door.
 12026 | D:9      | Noticed pkoi's ghost (journeyman DrMo)
 12026 | D:9      | Noticed a sphinx
 12094 | D:9      | Reached XP level 11. HP: 29/83 MP: 13/20
 12454 | D:9      | Found a shimmering blue altar of Sif Muna.
 12592 | D:9      | Reached skill level 5 in Conjurations
 12592 | D:9      | Reached skill level 5 in Summonings
 12592 | D:9      | Reached skill level 5 in Necromancy
 12592 | D:9      | Reached skill level 5 in Translocations
 12592 | D:9      | Reached skill level 5 in Transmutations
 12592 | D:9      | Reached skill level 5 in Fire Magic
 12592 | D:9      | Reached skill level 5 in Ice Magic
 12592 | D:9      | Reached skill level 5 in Air Magic
 12592 | D:9      | Reached skill level 5 in Earth Magic
 12592 | D:9      | Reached skill level 5 in Poison Magic
 12831 | D:9      | Found a blossoming altar of Fedhas.
 13292 | D:10     | Entered Level 10 of the Dungeon
 13457 | D:10     | Found an opulent altar of Gozag.
 13480 | D:10     | Became a worshipper of Gozag Ym Sagoz the Greedy
 13629 | D:10     | Noticed a wizard
 13680 | D:10     | Killed a wizard
 13737 | D:10     | Got the Catalogue of Axaxaxas mlö
 13744 | D:10     | Got Ts'ui Pên's Almanac of Forking Paths
 13829 | D:10     | Noticed a deep elf zephyrmancer
 13831 | D:10     | Noticed a deep elf zephyrmancer
 13846 | D:10     | Killed from afar by a deep elf zephyrmancer

Illustrated notes

Levels and vault maps discovered:
D:1:      dpeg_arrival_water_temple_mockup, layout_loops_ring,
          serial_co_window_serial, co_window_paths_b, co_window_paths_a,
          co_window_of_opportunity_a, co_window_corner_a,
          co_window_of_opportunity_a, co_window_cross_3, co_window_broadway_a,
          co_window_cross_3, glass_columns_a, glass_columns_a, serial_shops,
          shop, basic_ecumenical_altar
D:2:      minmay_general_purpose_star, layout_basic, serial_shops,
          nicolae_lakefront_shop, minmay_puff, uniq_jessica, uniq_sigmund
D:3:      layout_loops_ring, elyvilon_altar_4, overflow_temple_1_default,
          columned_hall_lemuel, minmay_misc_feat_four_crosses, uniq_terence
D:4:      layout_loops_cross, nicolae_vehumet_radiance,
          minmay_temple_entry_statues_fountains, serial_shops, shop,
          kennysheep_decorative_pillar, minmay_shop_damaged,
          kennysheep_small_spiral, st_stairs_3
D:5:      layout_layer_cave, lemuel_round_altar, bloody_makhleb
D:6:      layout_basic, pf_just_have_faith, uniq_maggie, uniq_pikel
D:7:      layout_loops_ring, minmay_misc_feat_tiny, kennysheep_generic_room_11
D:8:      layout_loops_cross, enter_bailey_4, chequers_serial_rivers_room_b,
          uniq_joseph, uniq_psyche, uniq_grum
D:9:      layout_layer_cave, general_overflow_altar, fedhas_altar_4,
          lemuel_zombie_altar_kikubaaqudgha, ebering_ghost_inner_flame
D:10:     nzn_winding_woodlands_small [nzn_winding_woodlands_5x15_default,
          nzn_winding_woodlands_center_diamonds,
          nzn_winding_woodlands_5x15_garden], layout_layer_cave,
          mainiacjoe_overflow_small_starburst, slow_altar_1,
          bh_hangedman_babel_library
Temple:   minmay_temple_curvy_loop

Skill      XL: |  1  2  3  4  5  6  7  8  9 10 11 |
---------------+----------------------------------+-----
Short Blades   | 1 2 3 4 5 6 |  6.1
Long Blades    | 1 2 3 4 5 6 |  6.1
Axes           | 1 2 3 4 5 6 |  6.1
Maces & Flails | 1 2 3 4 5 6 |  6.1
Polearms       | 1 2 3 4 5 6 |  6.1
Staves         | 1 2 3 4 5 6 |  6.1
Slings         | 1 2 3 4 5 6 |  6.1
Bows           | 1 2 3 4 5 6 |  6.1
Throwing       | 1 2 3 4 5 6 |  6.1
Armour         | 1 2 3 4 5 6 |  6.1
Stealth        | 1 2 3 4 5 6 |  6.1
Shields        | 1 2 3 4 5 6 |  6.1
Unarmed Combat | 1 2 3 4 5 6 |  6.1
Invocations    | 1 2 3 4 5 6 |  6.7
Evocations     | 1 2 3 4 5 6 |  6.1
Spellcasting   | 3 4 5 6 |  6.8
Conjurations   | 1 2 3 4 5 |  5.0
Summonings     | 1 2 3 4 5 |  5.0
Necromancy     | 1 2 3 4 5 |  5.0
Translocations | 1 2 3 4 5 |  5.0
Transmutations | 1 2 3 4 5 |  5.0
Fire Magic     | 1 2 3 4 5 |  5.0
Ice Magic      | 1 2 3 4 5 |  5.0
Air Magic      | 1 2 3 4 5 |  5.0
Earth Magic    | 1 2 3 4 5 |  5.0
Poison Magic   | 1 2 3 4 5 |  5.0
Fighting       | 3 4 5 6 |  6.7
Crossbows      | 5 6 7 |  7.7
Dodging        | 5 6 7 |  7.7
Hexes          | 6 7 |  7.5

Action                   |  1- 3 |  4- 6 |  7- 9 | 10-12 || total
-------------------------+-------+-------+-------+-------++-------
Melee: Mace              |       |    97 |       |       ||    97
       Bite              |       |     7 |       |       ||     7
       War axe           |       |       |       |    10 ||    10
 Fire: Hand crossbow     |    55 |    55 |       |       ||   110
       Arbalest          |       |    27 |   130 |   122 ||   279
Throw: Dart              |       |     4 |       |    16 ||    20
 Cast: Corona            |       |     1 |       |     2 ||     3
       Inner Flame       |       |       |    16 |    27 ||    43
       Slow              |       |       |       |     6 ||     6
       Cause Fear        |       |       |       |     1 ||     1
Evoke: Wand              |       |       |     4 |     1 ||     5
  Use: Scroll            |       |     9 |     4 |     5 ||    18
       Potion            |       |     1 |     3 |     3 ||     7
 Stab: Sleeping          |       |     1 |       |       ||     1
Armor: Robe              |     1 |       |       |       ||     1
       Leather armour    |       |    27 |     9 |       ||    36
       Swamp dragon scal |       |       |     5 |    61 ||    66
Dodge: Dodged            |     9 |    87 |    37 |   102 ||   235
